 Dungeon Crawl Stone Soup version 0.30.1-9-gdf580d7c3d (webtiles) character file.

Game seed: 16823844133884781774

1590048 LordWeiramon the Petrodigitator (level 27, 184/222 HPs)
             Began as a Demonspawn Monk on Oct 10, 2023.
             Was the Champion of Vehumet.
             Escaped with the Orb
             ... and 3 runes!
             The game lasted 06:31:55 (82930 turns).

LordWeiramon the Petrodigitator (Demonspawn Monk)  Turns: 82930, Time: 06:31:55

Health: 184/222    AC: 15    Str: 16    XL:     27
Magic:  34/56      EV: 24    Int: 31    God:    Vehumet [******]
Gold:   4655       SH: 24    Dex: 17    Spells: 31/66 levels left

rFire   + . .        a - staff of earth
rCold   + + .        T - +5 kite shield {rPois}
rNeg    . . .        O - quicksilver dragon scales
rPois   +            h - +2 helmet {SInv}
rElec   .            z - scarf {rC+ rF+}
rCorr   +            m - +0 pair of gloves
SInv    +            (boots unavailable)
Will    ++++.        K - amulet "Syddo" {Reflect rC+ Str+3 Slay-4 SH+5}
Stlth   +            C - +5 ring of evasion
HPRegen 0.57/turn    Z - ring "Vumiy" {Wiz rCorr MP+9 Int+6 Dex-4}
MPRegen 0.35/turn

%: reflection, wizardry (x2)
@: hasted, very quick
A: hooves 3, hurl damnation, ignite blood 3, powered by death 3, torment
resistance 1, big brain 3, demonic willpower, deformed body, evolution 1, sturdy
frame 1
0: Orb of Zot
}: 3/15 runes: serpentine, barnacled, silver
a: Hurl Damnation, Renounce Religion


You escaped.
You worshipped Vehumet.
Vehumet was exalted by your worship.
You visited 11 branches of the dungeon, and saw 51 of its levels.
You also visited: Ice Cave.

You collected 10651 gold pieces.
You spent 5996 gold pieces at shops.

Inventory:

Armour
 h - a +2 helmet of see invisible (worn)
 m - a +0 pair of gloves (worn)
 w - the +1 hat of the Special Wars {rElec}
   (You found it on level 2 of the Realm of Zot)

   rElec:     It insulates you from electricity.
 z - a scarf of resistance (worn)
 O - quicksilver dragon scales (worn)
 R - a +2 helmet of intelligence
 T - a +5 kite shield of poison resistance (worn)
Magical Staves
 a - a staff of earth (weapon)
 b - a staff of air
Jewellery
 q - the ring "Mofycur" {Str+6 Int+3}
   (You took it off a vampire knight on level 3 of the Crypt)

   [ring of strength]

   Str:       It affects your strength (+6).
   Int:       It affects your intelligence (+3).
 B - a ring of flight
 C - a +5 ring of evasion (left hand)
 F - the ring of Xiul {rF+ Str+4}
   (You took it off a merfolk on level 4 of the Shoals)

   [ring of protection from fire]

   Str:       It affects your strength (+4).
   rF:        It protects you from fire.
 G - the ring of Siysk {Ice +Blink rElec SInv Stlth+}
   (You took it off Josephina on level 3 of the Realm of Zot)

   [ring of ice]

   It enhances your ice magic.
   rF:        It makes you vulnerable to fire.
   rC:        It protects you from cold.
   rElec:     It insulates you from electricity.
   SInv:      It lets you see invisible.
   +Blink:    It lets you blink.
   Stlth:     It makes you more stealthy.
 J - the ring of the Doge {rC+++ Will+ Str-5 Dex+6 SInv}
   (You acquired it on level 5 of the Realm of Zot)

   [ring of willpower]

   Str:       It affects your strength (-5).
   Dex:       It affects your dexterity (+6).
   rC:        It renders you almost immune to cold.
   SInv:      It lets you see invisible.
   Will:      It increases your willpower.
 K - the amulet "Syddo" (around neck) {Reflect rC+ Str+3 Slay-4 SH+5}
   (You took it off a spriggan berserker on level 2 of the Depths)

   [amulet of reflection]

   It reflects blocked missile attacks.
   Str:       It affects your strength (+3).
   Slay:      It affects your accuracy & damage with ranged weapons and melee
   (-4).
   rC:        It protects you from cold.
   SH:        It affects your SH (+5).
 Z - the ring "Vumiy" (right hand) {Wiz rCorr MP+9 Int+6 Dex-4}
   (You bought it in a shop on level 11 of the Dungeon)

   [ring of wizardry]

   It improves your spell success rate.
   Int:       It affects your intelligence (+6).
   Dex:       It affects your dexterity (-4).
   MP:        It affects your magic capacity (+9).
   rCorr:     It protects you from acid and corrosion.
Wands
 i - a wand of flame (84)
 k - a wand of digging (13)
 t - a wand of quicksilver (16)
 y - a wand of roots (55)
 I - a wand of paralysis (64)
 S - a wand of mindburst (17)
 X - a wand of polymorph (1)
Scrolls
 e - 9 scrolls of fear
 f - 6 scrolls of fog
 g - 4 scrolls of immolation
 p - a scroll of amnesia
 v - 3 scrolls of silence
 E - 7 scrolls of blinking
 N - 25 scrolls of teleportation
 V - 3 scrolls of butterflies
 Y - 9 scrolls of magic mapping
Potions
 j - 8 potions of mutation
 n - 8 potions of cancellation
 o - 8 potions of heal wounds
 r - 6 potions of resistance
 s - 29 potions of curing
 u - 6 potions of magic
 x - 6 potions of ambrosia
 A - 11 potions of brilliance
 D - 20 potions of flight
 L - 3 potions of invisibility
 Q - 3 potions of haste
Miscellaneous
 c - a phantom mirror
 d - a phial of floods
 l - a lightning rod (4/4)
 H - a box of beasts
 U - a condenser vane


   Skills:
 + Level 19.2 Fighting
 - Level 5.2(6.0) Short Blades
 - Level 4.1(5.4) Long Blades
 - Level 6.0 Staves
 - Level 15.0 Armour
 - Level 15.0 Dodging
 - Level 15.0 Shields
 - Level 20.0 Spellcasting
 - Level 15.0 Conjurations
 - Level 1.0 Hexes
 - Level 1.0 Ice Magic
 - Level 7.0 Air Magic
 O Level 27 Earth Magic


You had 31 spell levels left.
You knew the following spells:

 Your Spells              Type           Power      Damage    Failure   Level
a - Lee's Rapid Deconstr  Erth           69%        3d31*     0%          5
b - Lehudib's Crystal Sp  Conj/Erth      63%        10d15     1%          8
e - Shatter               Erth           69%        3d51*     1%          9
i - Iron Shot             Conj/Erth      63%        9d12      1%          6
o - Orb of Destruction    Conj           44%        9d12      1%          7

Your spell library contained the following spells:

 Spells                   Type           Power      Damage    Failure   Level
 Chain Lightning          Conj/Air       39%        3d52      89%         9
 Fire Storm               Conj/Fire      33%        8d9       100%        9
 Magic Dart               Conj           100%       1d8       0%          1
 Passwall                 Tmut/Erth      89%        N/A       0%          2
 Stone Arrow              Conj/Erth      100%       3d13      0%          3
 Apportation              Tloc           62%        N/A       1%          1
 Foxfire                  Conj/Fire      100%       2x1d9     1%          1
 Freeze                   Ice            100%       1d10      1%          1
 Kiss of Death            Conj/Necr      100%       2d13      1%          1
 Necrotise                Necr           100%       1d9       1%          1
 Shock                    Conj/Air       100%       1d9       1%          1
 Slow                     Hex            100%       N/A       1%          1
 Sting                    Tmut/Pois      100%       1d8       1%          1
 Call Imp                 Summ           62%        N/A       1%          2
 Cigotuvi's Dreadful Rot  Necr/Pois/Air  90%        N/A       1%          2
 Ensorcelled Hibernation  Hex/Ice        74%        N/A       1%          2
 Lesser Beckoning         Tloc           62%        N/A       1%          2
 Poisonous Vapours        Pois/Air       100%       N/A       1%          2
 Static Discharge         Conj/Air       100%       2-7/arc   1%          2
 Sublimation of Blood     Necr           31%        N/A       1%          2
 Wereblood                Tmut           31%        N/A       1%          2
 Confusing Touch          Hex            37%        N/A       1%          3
 Frozen Ramparts          Ice            74%        1d12      1%          3
 Hailstorm                Conj/Ice       69%        3d14      1%          3
 Ignite Poison            Fire/Tmut/Pois 31%        N/A       1%          3
 Inner Flame              Hex/Fire       34%        N/A       1%          3
 Mephitic Cloud           Conj/Pois/Air  66%        N/A       1%          3
 Ozocubu's Armour         Ice            37%        N/A       1%          3
 Portal Projectile        Hex/Tloc       68%        N/A       1%          3
 Summon Guardian Golem    Hex/Summ       34%        N/A       1%          3
 Swiftness                Air            65%        N/A       1%          3
 Vhi's Electric Charge    Tloc/Air       100%       N/A       1%          3
 Volatile Blastmotes      Fire/Tloc      62%        2d15      1%          3
 Airstrike                Air            32%        2d(5-21)  1%          4
 Fulminant Prism          Conj/Hex       34%        3d15      1%          4
 Iskenderun's Mystic Bla  Conj/Tloc      67%        2d14      1%          4
 Leda's Liquefaction      Hex/Erth       54%        N/A       1%          4
 Petrify                  Tmut/Erth      100%       N/A       1%          4
 Sticky Flame             Conj/Fire      67%        2d8       1%          4
 Summon Lightning Spire   Summ/Air       51%        N/A       1%          4
 Arcjolt                  Conj/Air       39%        1d49      1%          5
 Borgnjor's Vile Clutch   Necr/Erth      53%        N/A       1%          5
 Fireball                 Conj/Fire      33%        3d14      1%          5
 Freezing Cloud           Conj/Ice/Air   34%        6-21      1%          5
 Irradiate                Conj/Tmut      33%        3d22      1%          5
 Iskenderun's Battlesphe  Conj           89%        2d14      1%          5
 Conjure Ball Lightning   Conj/Air       39%        3x3d13    1%          6
 Statue Form              Tmut/Erth      71%        N/A       1%          6
 Call Canine Familiar     Summ           31%        N/A       2%          3
 Gell's Gravitas          Tloc           31%        N/A       2%          3
 Spider Form              Tmut/Pois      31%        N/A       2%          3
 Teleport Other           Tloc           31%        N/A       2%          3
 Vampiric Draining        Necr           31%        2d8       2%          3
 Starburst                Conj/Fire      33%        6d10      2%          6
 Olgreb's Toxic Radiance  Pois           31%        N/A       3%          4
 Silence                  Hex/Air        27%        N/A       3%          5
 Cause Fear               Hex            18%        N/A       4%          4
 Anguish                  Hex/Necr       17%        N/A       5%          4
 Animate Dead             Necr           31%        N/A       7%          4
 Dispel Undead            Necr           31%        3d14      7%          4
 Passage of Golubria      Tloc           31%        N/A       7%          4
 Yara's Violent Unravell  Hex/Tmut       17%        3d8       7%          5
 Plasma Beam              Fire/Air       25%        2x1d41    10%         6
 Spellforged Servitor     Conj/Summ      33%        N/A       11%         7
 Agony                    Necr           31%        N/A       17%         5
 Alistair's Intoxication  Tmut/Pois      20%        N/A       17%         5
 Summon Forest            Summ/Tloc      15%        N/A       17%         5
 Eringya's Noxious Bog    Tmut/Pois      15%        N/A       34%         6
 Simulacrum               Ice/Necr       17%        N/A       58%         6
 Maxwell's Capacitive Co  Air            32%        ∞         61%         8
 Death Channel            Necr           15%        N/A       65%         6
 Enfeeble                 Hex            18%        N/A       96%         7
 Dragon Form              Tmut           15%        N/A       99%         7
 Malign Gateway           Summ/Tloc      15%        N/A       99%         7
 Summon Hydra             Summ           15%        N/A       99%         7
 Borgnjor's Revivificati  Necr           15%        N/A       100%        8
 Discord                  Hex            18%        N/A       100%        8
 Disjunction              Tloc           15%        N/A       100%        8
 Ignition                 Fire           15%        3d6       100%        8
 Necromutation            Tmut/Necr      15%        N/A       100%        8
 Summon Horrible Things   Summ           15%        N/A       100%        8
 Death's Door             Necr           15%        N/A       100%        9
 Dragon's Call            Summ           15%        N/A       100%        9
 Polar Vortex             Ice            18%        N/A       100%        9


Dungeon Overview and Level Annotations

Branches:
Dungeon (15/15)            Temple (1/1) D:4            Lair (5/5) D:10
 Shoals (4/4) Lair:2        Snake (4/4) Lair:2        Slime (0/5) Lair:4
    Orc (2/2) D:9             Elf (3/3) Orc:2        Vaults (5/5) D:13
  Crypt (3/3) Vaults:2       Tomb (0/3) Crypt:3      Depths (4/4) D:15
    Zot (5/5) Depths:4      IceCv (visited)

Altars:
Ashenzari
Cheibriados
Dithmenos
Fedhas
Gozag
Hepliaklqana
Kikubaaqudgha
Makhleb
Nemelex Xobeh
Okawaru
Qazlal
Ru
Sif Muna
Trog
Uskayaw
Vehumet
Wu Jian
Xom
Yredelemnul
Jiyva
Lugonu

Shops:
D:9 [   D:11 =   D:12 [   Orc:1 ?::   Orc:2 :*[*   Elf:1 [   Elf:2 =::
Snake:4 *   Vaults:3 (   Vaults:4 *   Vaults:5 ?=[?!!!(   Depths:1 (

Portals:
Hell: Depths:1 Depths:2 Depths:3* Depths:4
Abyss: Depths:3
Pandemonium: Depths:1 Depths:2
Ziggurat: Depths:4


Innate Abilities, Weirdness & Mutations

You have hooves in place of feet.
You can hurl damnation.
Your demonic aura causes all spilled blood to erupt in flames.
You regenerate a lot of health from kills.
You are resistant to unholy torment.
You have an absolutely massive brain. (Int +6, Wiz)
You punish those that try to bend your will. (Will+)
Armour fits poorly on your strangely shaped body.
You have hidden genetic potential.
Your movements are slightly less encumbered by armour. (ER -2)


Message History

The shadow demon is severely wounded.
You block the shadow demon's attack.
You hit the shadow demon but do no damage.
You shatter the shadow demon!!
You kill the shadow demon!
Vehumet accepts your kill.
(D) Dungeon (T) Temple (L) Lair (A) Shoals (P) Snake Pit (M) Slime Pits (O) Orcish Mines (E) Elven Halls (V) Vaults (C) Crypt (W) Tomb (U) Depths (H) Hell (Z) Zot
Where to? (Enter - D:1 @ (x,y), ? - help)
There is a stone staircase leading up here.
You climb upwards.
There is a stone staircase leading down here.
There is an open door here.
There is a stone staircase leading up here.
You climb upwards.
There is a stone staircase leading down here.
There is a stone staircase leading up here.
You climb upwards.
There is a stone staircase leading down here.
A Kumoanach and a ynoxinul come into view.
You feel yourself speed up.
The ynoxinul bellows!
Blink to where?
Press: ? - help, Dir - move target
As you read the scroll of blinking, it crumbles to dust.
Casting: Iron Shot (safe; 1% risk of failure)
Confirm with . or Enter, or press ? or * to list all spells.
Okay, then.
Aiming: Dig
Press: ? - help, Shift-Dir - straight line A rock wall.
This square is covered in magical glow.
The rock shatters into small pieces.
Blink to where?
Press: ? - help, Dir - move target
As you read the scroll of blinking, it crumbles to dust.
There is a staircase leading out of the dungeon here.
You have escaped!

##########.#.........#.#.#######.
........................§........
################.######.########.
..# ♣.......................♣♣...
#.# ♣..8..8...........8..8..♣♣.#.
#.# ♣...÷...................♣♣...
#.♣♣♣...÷...................♣♣♣##
..♣♣...8..8...........8..8...♣
##♣♣............@............♣
..♣♣...8..8...........8..8...♣
#§♣♣♣.......................♣♣
§§# ♣...÷...................♣ #§#
♣..8..8...........8..8..♣ ###
♣.......................♣
############.############ #.#
####.#


There were no monsters in sight!

Vanquished Creatures
  4 dread liches
  9 ancient liches
  9 orbs of fire
  The ghost of Foeroudum the Conqueror, a master MfBe of Trog (Zot:2)
  Josephina (Zot:3)
  A shard shrike (Zot:1)
  Bai Suzhen (Shoals:3)
  Saint Roka (Depths:4)
  Margery (Vaults:2)
  A caustic shrike (shapeshifter) (Depths:3)
  5 Killer Klowns
  Vashnia (Snake:3)
  5 caustic shrikes
  2 curse toes
  17 golden dragons
  2 bone dragons (Depths:4)
  Nikola (Shoals:2)
  A Brimstone Fiend (D:4)
  2 doom hounds (Depths:2)
  6 electric golems
  20 tentacled monstrosities
  26 Orb Guardians
  A shard shrike skeleton (Crypt:3)
  3 titans
  3 liches
  A walking crystal tome (Depths:4)
  A walking divine tome (Depths:3)
  3 deep elf blademasters
  2 deep elf master archers (Elf:3)
  8 quicksilver dragons
  Grunn (Depths:2)
  4 sphinxes
  A kraken (Shoals:2)
  5 ancient champions
  A pandemonium lord (Depths:2)
  14 death cobs
  8 shadow dragons
  An azure jelly (IceCv)
  16 tengu reavers
  2 revenants
  Roxanne (D:14)
  Kirke (Lair:5)
  14 storm dragons
  5 nagarajas
  14 draconian monks
  13 draconian knights
  8 deep elf sorcerers
  6 fire giants
  An azure jelly (shapeshifter) (Vaults:5)
  8 frost giants
  2 iron dragons (Vaults:5)
  16 vault wardens
  8 draconian scorchers
  10 draconian shifters
  5 ghost moths
  Aizul (Snake:4)
  2 curse skulls
  A juggernaut zombie (Crypt:1)
  An angel (Zot:4)
  7 ghouls
  24 ironbound preservers
  6 ironbound thunderhulks
  A spriggan defender (Depths:4)
  3 war gargoyles
  9 draconian stormcallers
  2 deep elf elementalists (Elf:3)
  6 draconian annihilators
  A broodmother (shapeshifter) (Vaults:4)
  2 juggernaut skeletons
  13 very ugly things
  3 orc warlords
  18 stone giants
  12 green draconians
  21 vampire knights
  5 deep elf demonologists
  12 dire elephants
  13 red draconians
  16 white draconians
  3 black draconians
  7 deep elf annihilators
  A minotaur (Shoals:1)
  4 spark wasps
  20 yellow draconians
  15 purple draconians
  A blizzard demon (Depths:2)
  16 ettins
  12 deep elf death magi
  6 eidola
  9 jiangshi
  A crystal guardian (Vaults:4)
  2 entropy weavers
  11 yaktaur captains
  7 merfolk javelineers
  8 deep elf high priests
  12 merfolk impalers
  4 fire dragons
  2 rakshasas
  The ghost of safid the Frost Mage, a journeyman MfIE of Vehumet (D:11)
  3 peacekeepers
  41 vault guards
  2 great orbs of eyes (Vaults:1)
  A hell beast (Depths:3)
  4 ogre magi
  11 ice dragons
  A catoblepas (D:13)
  15 anacondas
  5 spriggan air magi
  11 centaur warriors
  9 merfolk aquamancers
  A radroach (shapeshifter) (Vaults:5)
  7 hydras
  3 salamander tyrants (Snake:4)
  11 ironbound frosthearts
  15 two-headed ogres
  32 dancing weapons
  3 deep troll shamans
  A hell hog (Depths:3)
  3 death knights
  4 satyrs
  6 tengu warriors
  2 alligator snapping turtles
  8 boulder beetles
  15 naga warriors
  8 death yaks (Lair:5)
  7 deep troll earth magi
  10 vampire magi
  2 orc high priests (Elf:1)
  15 naga sharpshooters
  9 spriggan berserkers
  5 shock serpents
  10 hell knights
  6 salamander mystics
  2 soul eaters
  A fire crab (D:14)
  6 skysharks
  3 shadow wraiths (Crypt:2)
  3 sixfirhies
  A sun demon (Depths:2)
  A storm dragon zombie (Crypt:1)
  47 skeletal warriors
  An iron giant zombie (Crypt:3)
  24 deep elf knights
  7 iron trolls
  5 glowing orange brains
  A quicksilver dragon simulacrum (Depths:3)
  A goliath frog (shapeshifter) (Vaults:5)
  An anaconda zombie (Crypt:3)
  64 deep trolls
  7 sea snakes
  An orb spider (shapeshifter) (Depths:2)
  A shadow dragon zombie (Depths:2)
  8 bog bodies
  A shadow demon (D:4)
  9 flayed ghosts
  10 lindwurms
  13 wizards
  4 necromancers
  Pikel (D:6)
  20 ironbound convokers
  An orange crystal statue (D:10)
  12 naga ritualists
  A wolf spider zombie (Crypt:1)
  28 phantasmal warriors
  21 harpies
  13 deep elf archers
  32 deep elf pyromancers
  26 deep elf zephyrmancers
  7 orc knights
  A mana viper (shapeshifter) (Vaults:5)
  15 mana vipers
  A shining eye (shapeshifter) (Elf:2)
  2 sphinx skeletons
  6 cyclopes
  8 manticores
  A tengu skeleton (Vaults:2)
  24 salamanders
  13 fauns
  19 ugly things
  5 orc sorcerers
  33 moths of wrath
  A naga zombie (Crypt:3)
  2 elephants (Shoals:1)
  6 merfolk sirens
  An iron dragon skeleton (Vaults:2)
  7 water nymphs
  33 black mambas
  A centaur zombie (Crypt:3)
  A dire elephant zombie (Crypt:3)
  8 human skeletons
  2 ice statues (IceCv)
  18 vault sentinels
  16 cane toads
  A frost giant skeleton (Vaults:2)
  2 gargoyles
  A torpor snail (Lair:3)
  8 guardian serpents
  19 naga magi
  A hellion (D:5)
  2 rust devils (Depths:2)
  A smoke demon (Depths:2)
  Psyche (D:8)
  5 orange demons
  3 rime drakes
  A kobold demonologist (D:11)
  2 unseen horrors
  6 komodo dragons
  19 yaktaurs
  2 ice devils (Depths:2)
  2 swamp worm zombies
  3 guardian mummies (Crypt:1)
  10 freezing wraiths
  5 tengu conjurers
  A queen bee (shapeshifter) (D:15)
  A red devil (Depths:2)
  A death yak skeleton (Crypt:2)
  12 trolls
  2 spectral guardian serpents (Crypt:1)
  34 blink frogs
  3 meliai (Shoals:1)
  16 merfolk
  7 hornets
  11 wind drakes
  An ettin zombie (Crypt:3)
  3 polar bears
  16 dream sheep
  2 snapping turtles (shapeshifter)
  9 snapping turtles
  68 slime creatures
  4 flying skulls (Crypt:2)
  A fire dragon skeleton (Crypt:1)
  11 air elementals
  31 water elementals
  15 spriggans
  A centaur simulacrum (D:15)
  Sigmund (D:5)
  3 wyverns
  An ettin skeleton (Vaults:2)
  20 wraiths
  5 hogs
  39 yaks
  2 fire elementals (Elf:2)
  A yaktaur simulacrum (Vaults:1)
  4 basilisks
  9 vampire mosquitoes
  A steam dragon (D:8)
  A white draconian simulacrum (Zot:3)
  A human (D:13)
  3 redbacks
  A red draconian simulacrum (Zot:3)
  2 swamp worms (shapeshifter) (Vaults:5)
  53 nagas
  A yellow draconian simulacrum (Zot:3)
  A naga (shapeshifter) (Depths:3)
  6 wargs
  An acid dragon (D:11)
  2 hydra simulacra (Zot:1)
  Duvessa (D:7)
  A human simulacrum (Vaults:1)
  A moth of wrath simulacrum (Zot:3)
  21 water moccasins
  A faun skeleton (Crypt:2)
  A glowing shapeshifter skeleton (Vaults:2)
  31 orc warriors
  2 ice beasts
  4 black bears (Lair:5)
  2 human zombies
  A sky beast (D:8)
  A manticore zombie (Crypt:1)
  2 great orb of eyes simulacra (IceCv)
  21 ogres
  19 wolves
  3 boggarts (Lair:5)
  An elephant skeleton (Crypt:3)
  6 centaurs
  A lemure (D:6)
  A rime drake zombie (Crypt:3)
  3 slime creature simulacra (IceCv)
  3 kobold brigands
  14 bullfrogs
  2 gnoll sergeants
  6 glowing shapeshifter simulacra (IceCv)
  3 necrophages
  A cyclops zombie (Crypt:3)
  10 scorpions
  4 wights (D:9)
  A cyclops skeleton (Crypt:1)
  A wyvern skeleton (Crypt:2)
  Dowan (D:7)
  8 killer bees
  A raiju zombie (Crypt:2)
  3 spriggan zombies
  A wolf zombie (Crypt:3)
  A warg skeleton (Crypt:3)
  A howler monkey (D:6)
  6 electric eels
  6 hounds
  3 gnoll boudas
  14 orc priests
  2 jellies
  7 iguanas
  A scorpion zombie (Crypt:1)
  4 shapeshifter simulacra (IceCv)
  Terence (D:3)
  14 orc wizards
  An ice beast zombie (Crypt:1)
  3 tengu zombies
  A hound skeleton (Crypt:2)
  4 mummies (Crypt:1)
  16 gnolls
  4 adders
  A river rat (shapeshifter) (Depths:2)
  A steam dragon zombie (Crypt:3)
  A white imp (D:6)
  2 ufetubi
  2 worms
  2 dart slugs
  70 orcs
  4 bats
  4 endoplasms
  4 giant cockroaches
  8 goblins
  5 hobgoblins
  9 ball pythons
  3 frilled lizards (D:2)
  A frilled lizard skeleton (Crypt:2)
  11 kobolds
  9 rats
  2 butterflies (Lair:2)
  4 tentacles (Shoals:2)
2436 creatures vanquished.

Vanquished Creatures (collateral kills)
  A ball lightning (Lair:3)
1 creature vanquished.

Vanquished Creatures (others)
  2 harpies (Shoals:2)
  29 ball lightnings
  9 tentacles (Shoals:2)
40 creatures vanquished.

Grand Total: 2477 creatures vanquished

Notes
Turn   | Place    | Note
-------+----------+-------------------------------------------
     0 | D:1      | LordWeiramon the Demonspawn Monk began the quest for the
                  | Orb.
     0 | D:1      | Reached XP level 1. HP: 18/18 MP: 1/1
   362 | D:2      | Gained mutation: You have large cloven feet. [demonic
                  | ancestry]
   362 | D:2      | Reached XP level 2. HP: 24/24 MP: 2/2
   599 | D:1      | Gained mutation: You have an unusually large brain. (Int
                  | +2) [demonic ancestry]
   599 | D:1      | Reached XP level 3. HP: 29/29 MP: 3/3
  1248 | D:2      | Found a bloodstained altar of Trog.
  1536 | D:2      | Reached XP level 4. HP: 22/35 MP: 4/4
  1854 | D:3      | Found Zin's Purification Station.
  1862 | D:3      | Bought a potion of curing for 90 gold pieces
  1931 | D:3      | Learned a level 2 spell: Ensorcelled Hibernation
  1945 | D:3      | Identified the +5 dagger "Kuhuth" {flame, rElec rC- Int+3
                  | Dex+3}
  1963 | D:3      | Found an ancient bone altar of Kikubaaqudgha.
  2448 | D:3      | Noticed Terence
  2458 | D:3      | Killed Terence
  2459 | D:3      | Reached skill level 1 in Spellcasting
  2463 | D:3      | Learned a level 3 spell: Vhi's Electric Charge
  2690 | D:4      | Noticed a scorpion
  2701 | D:4      | Reached skill level 1 in Air Magic
  2701 | D:4      | Gained mutation: You have hoof-like feet. [demonic
                  | ancestry]
  2701 | D:4      | Reached XP level 5. HP: 35/41 MP: 6/6
  2948 | D:4      | Gained mutation: You regenerate a little health from kills.
                  | [demonic ancestry]
  2948 | D:4      | Reached XP level 6. HP: 47/47 MP: 7/7
  3655 | D:4      | Found a staircase to the Ecumenical Temple.
  3661 | Temple   | Entered the Ecumenical Temple
  3743 | D:5      | Entered Level 5 of the Dungeon
  3795 | D:5      | Identified the ring "Bavapuf" {MP+9 Int+6 Dex-4 Slay+3}
  3895 | D:5      | Noticed a water moccasin
  3902 | D:5      | Killed a water moccasin
  3903 | D:5      | Reached skill level 1 in Hexes
  3903 | D:5      | Reached XP level 7. HP: 50/52 MP: 10/10
  4083 | D:5      | Reached skill level 1 in Ice Magic
  4292 | D:5      | Noticed Sigmund
  4306 | D:5      | Reached skill level 5 in Short Blades
  4320 | D:5      | Killed Sigmund
  4412 | D:5      | Found a shadowy altar of Dithmenos.
  4528 | D:5      | Reached XP level 8. HP: 58/58 MP: 14/14
  4940 | D:5      | Reached skill level 5 in Fighting
  5097 | D:6      | Found a radiant altar of Vehumet.
  5105 | D:6      | Became a worshipper of Vehumet
  5105 | D:6      | Reached * piety under Vehumet
  5105 | D:6      | Offered knowledge of Shock by Vehumet.
  5105 | D:6      | Reached ** piety under Vehumet
  5108 | D:6      | Learned a level 1 spell: Shock
  5115 | D:6      | Offered knowledge of Poisonous Vapours by Vehumet.
  5202 | D:6      | Reached skill level 1 in Conjurations
  5266 | D:6      | Learned a level 5 spell: Arcjolt
  5271 | D:6      | Noticed Pikel
  5279 | D:6      | Killed Pikel
  5280 | D:6      | Reached skill level 5 in Conjurations
  5359 | D:6      | Gained mutation: Your demonic aura sometimes causes spilled
                  | blood to erupt in flames. [demonic ancestry]
  5359 | D:6      | Reached XP level 9. HP: 54/68 MP: 15/15
  5634 | D:6      | Found a hazy altar of Hepliaklqana.
  5682 | D:7      | Noticed Duvessa
  5682 | D:7      | Noticed Dowan
  5704 | D:7      | Found a blossoming altar of Fedhas.
  5894 | D:7      | Killed Dowan
  5909 | D:7      | Killed Duvessa
  6137 | D:7      | Offered knowledge of Static Discharge by Vehumet.
  6446 | D:7      | Found a basalt altar of Yredelemnul.
  6522 | D:7      | Found a hide-covered altar of Uskayaw.
  6617 | D:8      | You fall into a shaft and drop 3 floors!
  6691 | D:11     | Noticed a white ugly thing
  6697 | D:11     | Noticed a two-headed ogre
  6842 | D:11     | Reached skill level 5 in Spellcasting
  6893 | D:11     | Noticed a kobold demonologist
  6915 | D:11     | Killed a kobold demonologist
  6948 | D:11     | Learned a level 2 spell: Static Discharge
  6962 | D:11     | Noticed a two-headed ogre
  6965 | D:10     | Entered Level 10 of the Dungeon
  6984 | D:10     | Reached *** piety under Vehumet
  7395 | D:10     | Found a staircase to the Lair.
  7422 | D:10     | Reached skill level 5 in Air Magic
  7488 | D:10     | Reached XP level 10. HP: 64/74 MP: 17/17
  7679 | D:10     | Found a runed translucent door.
  7688 | D:10     | Found a runed translucent door.
  7700 | D:10     | Found a runed translucent door.
  7710 | D:10     | Found a runed translucent door.
  7779 | D:10     | Noticed a gargoyle
  7798 | D:10     | Killed a gargoyle
  8069 | D:10     | Found a bloodstained altar of Trog.
  8300 | D:10     | Noticed a two-headed ogre
  8306 | D:10     | Offered knowledge of Stone Arrow by Vehumet.
  8324 | D:10     | Learned a level 3 spell: Stone Arrow
  8337 | D:10     | Killed a two-headed ogre
  8338 | D:10     | Reached skill level 2 in Earth Magic
  8476 | D:9      | Reached skill level 3 in Earth Magic
  8610 | D:9      | Reached skill level 4 in Earth Magic
  8697 | D:9      | Reached skill level 5 in Earth Magic
  8768 | D:9      | Found a staircase to the Orcish Mines.
  8774 | D:9      | Found Dipiu's Armour Shop.
  8827 | D:9      | Noticed a two-headed ogre
  8836 | D:9      | Killed a two-headed ogre
  8837 | D:9      | Reached skill level 5 in Dodging
  9011 | D:9      | Reached **** piety under Vehumet
  9108 | D:9      | Reached XP level 11. HP: 69/79 MP: 20/20
  9134 | D:9      | Offered knowledge of Iskenderun's Battlesphere by Vehumet.
  9144 | D:9      | Learned a level 5 spell: Iskenderun's Battlesphere
  9469 | D:9      | Found a shimmering blue altar of Sif Muna.
  9908 | D:8      | Noticed Psyche
  9913 | D:8      | Killed Psyche
  9965 | D:8      | Found an ornate altar of the Wu Jian Council.
 10049 | D:8      | Identified the +8 war axe "Hell-Harrower" {vamp, rPois rF+
                  | Str+5 Dex-4}
 10091 | D:8      | Identified a scroll of acquirement
 10129 | D:8      | Reached ***** piety under Vehumet
 10129 | D:8      | Offered knowledge of Conjure Ball Lightning by Vehumet.
 10137 | D:8      | Learned a level 6 spell: Conjure Ball Lightning
 10220 | D:8      | Found a stormy altar of Qazlal.
 10407 | D:10     | Noticed an orange crystal statue
 10528 | D:11     | Found a runed translucent gate.
 10528 | D:11     | Found a runed translucent gate.
 10528 | D:11     | Found a runed translucent gate.
 10529 | D:11     | Noticed a glowing orange brain
 10532 | D:11     | Noticed safid's ghost (journeyman MfIE)
 10578 | D:11     | Found Ypoism's Jewellery Boutique.
 10590 | D:11     | Killed a white ugly thing
 10610 | D:11     | Noticed a boulder beetle
 10618 | D:11     | Killed a boulder beetle
 10689 | D:11     | Killed a two-headed ogre
 10733 | D:11     | Killed a two-headed ogre
 11048 | D:11     | Found a viscous altar of Jiyva.
 11108 | Lair:1   | Entered Level 1 of the Lair of Beasts
 11119 | Lair:1   | Reached skill level 10 in Spellcasting
 11313 | Lair:1   | Gained mutation: Your demonic aura often causes spilled
                  | blood to erupt in flames. [demonic ancestry]
 11313 | Lair:1   | Reached XP level 12. HP: 86/86 MP: 26/26
 11618 | Lair:1   | Reached skill level 10 in Conjurations
 11724 | Lair:1   | Reached skill level 1 in Armour
 11958 | Lair:2   | Found a staircase to the Snake Pit.
 12200 | Lair:2   | Found a staircase to the Shoals.
 12205 | Lair:2   | Reached skill level 5 in Armour
 12776 | Lair:3   | Noticed a five-headed hydra
 12781 | Lair:3   | Killed a five-headed hydra
 13390 | Lair:4   | Reached skill level 10 in Fighting
 13392 | Lair:4   | Gained mutation: You have hooves in place of feet. [demonic
                  | ancestry]
 13392 | Lair:4   | Reached XP level 13. HP: 103/103 MP: 27/27
 13867 | Lair:4   | Found a viscous altar of Jiyva.
 13867 | Lair:4   | Found a staircase to the Slime Pits.
 14189 | Lair:5   | Entered Level 5 of the Lair of Beasts
 14204 | Lair:5   | Found a burning altar of Makhleb.
 14285 | Lair:5   | Offered knowledge of Plasma Beam by Vehumet.
 14471 | Lair:5   | Noticed Kirke
 14773 | Lair:5   | Reached skill level 10 in Dodging
 15112 | Lair:5   | Reached XP level 14. HP: 106/110 MP: 28/28
 15198 | Lair:5   | Killed Kirke
 16307 | D:12     | Reached skill level 10 in Armour
 16456 | D:12     | Found Buliaste's Armour Emporium.
 16467 | D:12     | Bought a +0 helmet for 67 gold pieces
 16566 | D:12     | Got the Collected Works on Toxicants and Flesh
 16724 | D:12     | Offered knowledge of Ozocubu's Refrigeration by Vehumet.
 17728 | D:13     | Found Wiluyruu's General Store.
 17894 | D:13     | Found a gate to the Vaults.
 18190 | D:14     | Noticed Roxanne
 18482 | D:14     | Got the Notes on Battle Magic
 18496 | D:14     | Learned a level 8 spell: Lehudib's Crystal Spear
 18640 | D:14     | Reached XP level 15. HP: 40/115 MP: 31/31
 19166 | D:15     | Entered Level 15 of the Dungeon
 19410 | D:11     | Bought the ring "Vumiy" {Wiz rCorr MP+9 Int+6 Dex-4} for
                  | 919 gold pieces
 19528 | D:15     | Reached skill level 6 in Earth Magic
 19756 | D:15     | Reached skill level 7 in Earth Magic
 20078 | D:15     | Offered knowledge of Orb of Destruction by Vehumet.
 20087 | D:15     | Learned a level 7 spell: Orb of Destruction
 20447 | D:15     | Reached skill level 8 in Earth Magic
 20485 | D:15     | Found a staircase to the Depths.
 20606 | D:15     | Acquired a staff of conjuration
 20750 | Orc:1    | Entered Level 1 of the Orcish Mines
 20775 | Orc:1    | Reached skill level 1 in Staves
 20801 | Orc:1    | Found a frozen archway.
 20801 | Orc:1    | Found Duxkir's Book Emporium.
 20812 | IceCv    | Entered an ice cave
 21878 | IceCv    | Found a viscous altar of Jiyva.
 21878 | IceCv    | Noticed an azure jelly
 21883 | IceCv    | Killed an azure jelly
 21908 | IceCv    | Identified the +2 ring mail of Doomed the Good {Fly rC+
                  | MP+9 Int-3}
 21911 | IceCv    | Got the Incunabulum of Glaciation
 22015 | Orc:1    | Bought a book of the Earth for 396 gold pieces
 22022 | Orc:1    | Learned a level 5 spell: Lee's Rapid Deconstruction
 22029 | Orc:1    | Found Suamechipna's Magic Scroll Shop.
 22293 | Orc:1    | Found Neus's Vocational Training.
 22641 | Orc:1    | Reached skill level 5 in Staves
 22807 | Orc:2    | Entered Level 2 of the Orcish Mines
 22886 | Orc:2    | Found a staircase to the Elven Halls.
 23425 | Orc:2    | Offered knowledge of Iron Shot by Vehumet.
 23672 | Orc:2    | Learned a level 6 spell: Iron Shot
 23827 | Orc:2    | Found Ynwuotutz's General Store.
 23852 | Orc:2    | Found Byism's General Store.
 23853 | Orc:2    | Found Erig's Distillery.
 23861 | Orc:2    | Found Adoojesh's Antique Armour Boutique.
 23868 | Orc:2    | Found Maututops's Book Emporium.
 23871 | Orc:2    | Bought a shiny helmet for 195 gold pieces
 24002 | Orc:2    | Bought a faintly humming leather armour for 182 gold pieces
 24002 | Orc:2    | Identified the +0 leather armour "Guluv" {rPois Int+2} (You
                  | bought it in a shop on level 2 of the Orcish Mines)
 24003 | Orc:2    | Bought an encrusted ring mail for 234 gold pieces
 24003 | Orc:2    | Identified the +0 ring mail "Eklyjize" {+Blink Regen+
                  | Dex+4} (You bought it in a shop on level 2 of the Orcish
                  | Mines)
 24242 | D:14     | Killed Roxanne
 24357 | D:11     | Killed safid's ghost
 24536 | Snake:1  | Entered Level 1 of the Snake Pit
 24539 | Snake:1  | Gained mutation: You have an extremely huge brain. (Int +4)
                  | [demonic ancestry]
 24539 | Snake:1  | Reached XP level 16. HP: 122/122 MP: 33/33
 25446 | Snake:1  | Found a snail-covered altar of Cheibriados.
 25450 | Snake:1  | Reached skill level 15 in Spellcasting
 25890 | Snake:2  | Offered knowledge of Fireball by Vehumet.
 25969 | Snake:2  | Reached skill level 9 in Earth Magic
 27033 | Snake:2  | Reached skill level 10 in Earth Magic
 27039 | Snake:2  | Reached skill level 1 in Shields
 27350 | Snake:3  | Noticed Vashnia
 27826 | Snake:3  | Reached ****** piety under Vehumet
 27827 | Snake:3  | Reached skill level 5 in Shields
 28510 | Snake:3  | Killed Vashnia
 28905 | Snake:4  | Entered Level 4 of the Snake Pit
 28985 | Snake:4  | Gained mutation: You have an absolutely massive brain. (Int
                  | +6, Wiz) [demonic ancestry]
 28985 | Snake:4  | Reached XP level 17. HP: 87/128 MP: 24/36
 29648 | Snake:4  | Offered knowledge of Starburst by Vehumet.
 29705 | Snake:4  | Found Osighuh's General Store.
 29715 | Snake:4  | Bought a potion of flight for 30 gold pieces
 29715 | Snake:4  | Bought a potion of cancellation for 80 gold pieces
 30229 | Snake:4  | Noticed Aizul
 30235 | Snake:4  | Killed Aizul
 30391 | Snake:4  | Reached skill level 10 in Shields
 31958 | Snake:4  | Got a serpentine rune of Zot
 32173 | Shoals:1 | Entered Level 1 of the Shoals
 32972 | Shoals:1 | Found a hide-covered altar of Uskayaw.
 33022 | Shoals:1 | Identified the +8 longbow "Rast" {drain, rCorr}
 33308 | Shoals:2 | Noticed a kraken
 33568 | Shoals:2 | Gained mutation: You punish those that try to bend your
                  | will. (Will+) [demonic ancestry]
 33568 | Shoals:2 | Reached XP level 18. HP: 134/134 MP: 37/37
 33783 | Shoals:2 | Offered knowledge of Fire Storm by Vehumet.
 33783 | Shoals:2 | Offered knowledge of Shatter by Vehumet.
 33783 | Shoals:2 | Offered knowledge of Chain Lightning by Vehumet.
 33839 | Shoals:2 | Noticed Nikola
 33844 | Shoals:2 | Killed Nikola
 33845 | Shoals:2 | Reached skill level 15 in Conjurations
 34429 | Shoals:3 | Noticed Bai Suzhen
 34434 | Shoals:3 | Killed Bai Suzhen
 34500 | Shoals:3 | Reached skill level 11 in Earth Magic
 35035 | Shoals:3 | Reached skill level 12 in Earth Magic
 35539 | Shoals:4 | Entered Level 4 of the Shoals
 35539 | Shoals:4 | Found a hazy altar of Hepliaklqana.
 35807 | Shoals:4 | Paralysed by an air elemental for 1 turns
 36110 | Shoals:4 | Reached skill level 13 in Earth Magic
 36162 | Shoals:4 | Paralysed by an air elemental for 1 turns
 36858 | Shoals:4 | Paralysed by an air elemental for 1 turns
 37135 | Shoals:4 | Identified the ring of Xiul {rF+ Str+4}
 37370 | Shoals:4 | Got a barnacled rune of Zot
 37382 | Shoals:4 | Reached skill level 14 in Earth Magic
 37802 | Orc:1    | Bought a scroll of blinking for 112 gold pieces
 37802 | Orc:1    | Bought a scroll of fog for 60 gold pieces
 37802 | Orc:1    | Bought a scroll of teleportation for 45 gold pieces
 37802 | Orc:1    | Bought a scroll of teleportation for 45 gold pieces
 37837 | Orc:2    | Bought a scroll of blinking for 112 gold pieces
 37837 | Orc:2    | Bought a scroll of blinking for 112 gold pieces
 37837 | Orc:2    | Bought a scroll of teleportation for 45 gold pieces
 37837 | Orc:2    | Bought a wand of digging (2) for 126 gold pieces
 37872 | Elf:1    | Entered Level 1 of the Elven Halls
 38118 | Elf:1    | Gained mutation: You are resistant to unholy torment.
                  | [demonic ancestry]
 38118 | Elf:1    | Reached XP level 19. HP: 140/140 MP: 37/38
 38801 | Elf:1    | Reached skill level 15 in Earth Magic
 38852 | Elf:1    | Found Taguicva's Armour Shop.
 39963 | Elf:2    | Found a runed translucent gate.
 39963 | Elf:2    | Found a runed translucent gate.
 39963 | Elf:2    | Found a runed translucent gate.
 39999 | Elf:2    | Found Inilir's Jewellery Emporium.
 39999 | Elf:2    | Found Loasegim's Book Boutique.
 40000 | Elf:2    | Found Gaerghess's Book Boutique.
 40012 | Elf:2    | Bought an amulet of reflection for 390 gold pieces
 40240 | Elf:2    | Reached skill level 16 in Earth Magic
 41522 | Elf:3    | Entered Level 3 of the Elven Halls
 41523 | Elf:3    | Paralysed by an air elemental for 1 turns
 41751 | Elf:3    | Reached skill level 17 in Earth Magic
 42433 | Elf:3    | Paralysed by an air elemental for 1 turns
 43146 | Elf:3    | Learned a level 9 spell: Shatter
 43520 | Elf:3    | Reached skill level 18 in Earth Magic
 43766 | Elf:3    | Identified the +1 scale mail of Moral Flaws {*Corrode rN++}
 43769 | Elf:3    | Reached XP level 20. HP: 147/147 MP: 39/39
 44663 | Elf:3    | Got Mara's Further Progress in Gnosis
 45149 | Vaults:1 | Entered Level 1 of the Vaults
 45426 | Vaults:1 | Reached skill level 19 in Earth Magic
 47502 | Vaults:2 | Found a staircase to the Crypt.
 47996 | Vaults:2 | Identified the +3 leather armour "Iskampib" {Rampage rC+
                  | Int+3}
 48057 | Vaults:2 | Reached skill level 20 in Earth Magic
 48095 | Vaults:2 | Identified the +11 dagger "Teqeit" {drain, Str+2}
 48205 | Vaults:2 | Identified the +0 ring mail "Wuaqicar" {rC+}
 48206 | Vaults:2 | Identified the +0 spear "Nuritz" {heavy, rF- rC+++ SInv}
 48214 | Vaults:2 | Identified the staff of death "Kimulai" {Fly rN+ Str-3
                  | SInv}
 48357 | Vaults:2 | Noticed Margery
 48364 | Vaults:2 | Killed Margery
 49342 | Vaults:2 | Reached skill level 21 in Earth Magic
 49454 | Vaults:3 | Found Zyton's Weapon Boutique.
 49550 | Vaults:3 | Gained mutation: You regenerate health from kills. [demonic
                  | ancestry]
 49550 | Vaults:3 | Reached XP level 21. HP: 139/153 MP: 40/40
 49973 | Vaults:3 | You fall into a shaft and drop 1 floor!
 50006 | Vaults:4 | Found Ylaxil's General Store.
 50014 | Vaults:4 | Bought a scroll of fear for 64 gold pieces
 50014 | Vaults:4 | Bought a potion of heal wounds for 80 gold pieces
 50262 | Vaults:4 | Reached skill level 22 in Earth Magic
 50666 | Vaults:4 | Identified the +10 arbalest of Subjectivity {penet, rPois
                  | Str+3}
 50668 | Vaults:4 | Identified the +6 scale mail of Decompression {rElec rN+}
 50675 | Vaults:4 | Reached skill level 23 in Earth Magic
 51982 | Vaults:3 | Gained mutation: You can hurl damnation. [demonic ancestry]
 51982 | Vaults:3 | Reached XP level 22. HP: 152/159 MP: 24/41
 52359 | Vaults:3 | Reached skill level 24 in Earth Magic
 53468 | Crypt:1  | Entered Level 1 of the Crypt
 54747 | Crypt:1  | Found an ancient bone altar of Kikubaaqudgha.
 55103 | Crypt:2  | Identified the +0 ring mail "Demno" {Harm +Inv Str+5 Dex-4}
 55441 | Crypt:2  | Reached skill level 25 in Earth Magic
 55986 | Crypt:3  | Entered Level 3 of the Crypt
 56765 | Crypt:3  | Identified the +0 chain mail of Ogheel {Drain rElec rF++
                  | Dex-5}
 56817 | Crypt:3  | Reached skill level 26 in Earth Magic
 56960 | Crypt:3  | Found an ancient bone altar of Kikubaaqudgha.
 56962 | Crypt:3  | Reached XP level 23. HP: 165/165 MP: 39/42
 56962 | Crypt:3  | Identified the ring "Mofycur" {Str+6 Int+3}
 56964 | Crypt:3  | Identified the +4 morningstar of Donn {freeze, rF- Will++
                  | Str+3 Int+3}
 57445 | Crypt:3  | Got the Omnibus of Despicable Mysteries
 57699 | Crypt:3  | Found a staircase to the Tomb.
 58466 | Depths:1 | Entered Level 1 of the Depths
 58693 | Depths:1 | Found a sparkling altar of Nemelex Xobeh.
 58848 | Depths:1 | Found a burning altar of Makhleb.
 58871 | Depths:1 | Found a gateway to Hell.
 59124 | Depths:1 | Found Qaklyra's Weapon Boutique.
 59280 | Depths:1 | Found a one-way gate leading to the halls of Pandemonium.
 59787 | Depths:2 | Noticed Grunn
 59792 | Depths:2 | Killed Grunn
 59940 | Depths:2 | Reached skill level 27 in Earth Magic
 60618 | Depths:2 | Identified the ring of Makhleb's Approval {Ice Drain Will+
                  | Str+3 Stlth+}
 60622 | Depths:2 | Identified the amulet "Syddo" {Reflect rC+ Str+3 Slay-4
                  | SH+5}
 60762 | Depths:2 | Found a transporter.
 60779 | Depths:2 | Found a transporter.
 61569 | Depths:2 | Identified the +0 helmet of Calculation {Rampage Int+2}
 62482 | Depths:3 | Noticed a caustic shrike
 62485 | Depths:3 | Killed a caustic shrike
 62852 | Depths:3 | Gained mutation: You regenerate a lot of health from kills.
                  | [demonic ancestry]
 62852 | Depths:3 | Reached XP level 24. HP: 186/186 MP: 42/42
 63295 | Depths:3 | Found a one-way gate to the infinite horrors of the Abyss.
 63582 | Depths:3 | Acquired 800 gold pieces
 63616 | Depths:4 | Entered Level 4 of the Depths
 63618 | Depths:4 | Noticed an ancient lich
 63619 | Depths:4 | Found a one-way gateway to a ziggurat.
 63622 | Depths:4 | Killed an ancient lich
 63628 | Depths:4 | Reached skill level 15 in Fighting
 64851 | Depths:4 | Noticed Saint Roka
 64867 | Depths:4 | Killed Saint Roka
 65090 | Depths:4 | Found a gate to the Realm of Zot.
 65552 | Depths:4 | Identified the amulet of Donwis {Reflect rElec Will- Str+8
                  | SH+5 Stlth-}
 65825 | Depths:4 | Found a sacrificial altar of Ru.
 66477 | Vaults:5 | Entered Level 5 of the Vaults
 66511 | Vaults:5 | Reached skill level 15 in Shields
 66519 | Vaults:5 | Noticed a dread lich
 66520 | Vaults:5 | Noticed an ancient lich
 66521 | Vaults:5 | Reached XP level 25. HP: 193/194 MP: 42/42
 66521 | Vaults:5 | Killed a dread lich
 66521 | Vaults:5 | Killed an ancient lich
 66534 | Vaults:5 | Found Wuyj's Distillery.
 67311 | Vaults:5 | Bought a potion of cancellation for 144 gold pieces
 67311 | Vaults:5 | Bought a potion of brilliance for 72 gold pieces
 67311 | Vaults:5 | Bought a potion of heal wounds for 90 gold pieces
 67311 | Vaults:5 | Bought a potion of haste for 180 gold pieces
 67727 | Vaults:5 | Found Tegat's Distillery.
 67727 | Vaults:5 | Found Fitt's Distillery.
 67732 | Vaults:5 | Bought a potion of invisibility for 168 gold pieces
 67732 | Vaults:5 | Bought a potion of curing for 63 gold pieces
 67732 | Vaults:5 | Bought 2 potions of curing for 126 gold pieces
 67732 | Vaults:5 | Bought a potion of brilliance for 84 gold pieces
 67732 | Vaults:5 | Bought a potion of haste for 210 gold pieces
 67732 | Vaults:5 | Bought a potion of magic for 168 gold pieces
 67739 | Vaults:5 | Bought a potion of cancellation for 112 gold pieces
 67739 | Vaults:5 | Bought a potion of curing for 42 gold pieces
 67739 | Vaults:5 | Bought a potion of curing for 42 gold pieces
 67739 | Vaults:5 | Bought a potion of mutation for 112 gold pieces
 67750 | Vaults:5 | Found Peixyis's Magic Scroll Shoppe.
 67755 | Vaults:5 | Bought a scroll of blinking for 135 gold pieces
 67755 | Vaults:5 | Bought a scroll of magic mapping for 135 gold pieces
 67755 | Vaults:5 | Bought a scroll of magic mapping for 135 gold pieces
 67755 | Vaults:5 | Bought a scroll of silence for 171 gold pieces
 67762 | Vaults:5 | Got a silver rune of Zot
 67800 | Vaults:5 | Found Nuuviad's Antique Armour Shoppe.
 67801 | Vaults:5 | Found Rinih's Jewellery Shoppe.
 67805 | Vaults:5 | Bought a faintly glowing leather armour for 280 gold pieces
 67805 | Vaults:5 | Identified the +1 leather armour "Imoty" {rF- Will++ Int+5}
                  | (You bought it in a shop on level 5 of the Vaults)
 68123 | Vaults:5 | Found Waoskant's Antique Weapon Shoppe.
 68210 | Vaults:5 | Identified the +0 hat "Amnexzes" {Regen+ MP-9 Dex+3 Stlth+}
 68320 | Vaults:5 | Found Orurchora's Magic Scroll Shoppe.
 68325 | Vaults:5 | Bought a scroll of teleportation for 39 gold pieces
 68325 | Vaults:5 | Bought a scroll of fog for 52 gold pieces
 68325 | Vaults:5 | Bought a scroll of amnesia for 52 gold pieces
 68652 | Zot:1    | Entered Level 1 of the Realm of Zot
 68652 | Zot:1    | Noticed an orb of fire
 68656 | Zot:1    | Noticed a shard shrike
 68658 | Zot:1    | Killed an orb of fire
 68662 | Zot:1    | Killed a shard shrike
 69436 | Zot:1    | Reached skill level 15 in Dodging
 69497 | Zot:1    | Noticed a Killer Klown
 69613 | Zot:1    | Killed a Killer Klown
 70689 | Zot:1    | You fall into a shaft and drop 1 floor!
 70834 | Zot:2    | Noticed an orb of fire
 70837 | Zot:2    | Gained mutation: You are vulnerable to heat. (rF-) [an orb
                  | of fire]
 70838 | Zot:2    | Killed an orb of fire
 70843 | Zot:1    | Lost mutation: You are vulnerable to heat. (rF-) [potion of
                  | mutation]
 70843 | Zot:1    | Gained mutation: You occasionally lose the ability to drink
                  | potions when taking damage. [potion of mutation]
 70843 | Zot:1    | Gained mutation: You expend magic power (3 MP) to
                  | strengthen your wands. [potion of mutation]
 71779 | Zot:2    | Found a runed translucent gate.
 71779 | Zot:2    | Found a runed translucent gate.
 71780 | Zot:2    | Found a runed translucent gate.
 71780 | Zot:2    | Noticed Foeroudum's ghost (master MfBe)
 72375 | Zot:2    | Killed Foeroudum's ghost
 72376 | Zot:2    | Reached XP level 26. HP: 201/201 MP: 10/42
 72755 | Zot:2    | Identified the +1 leather armour "Baturat" {Fly rF+ rC+
                  | MP+9}
 72758 | Zot:2    | Identified the +1 hat of the Special Wars {rElec}
 72761 | Zot:2    | Identified the +2 arbalest "Esepheah" {heavy, *Slow rF++
                  | Will- Str+3}
 73109 | Zot:3    | Reached skill level 15 in Armour
 73310 | Zot:3    | Identified the ring of Siysk {Ice +Blink rElec SInv Stlth+}
 73310 | Zot:3    | Noticed Josephina
 73313 | Zot:3    | Killed Josephina
 76766 | Zot:5    | Entered Level 5 of the Realm of Zot
 76803 | Zot:5    | Acquired the ring of the Doge {rC+++ Will+ Str-5 Dex+6
                  | SInv}
 77338 | Zot:5    | Noticed an orb of fire
 77342 | Zot:5    | Killed an orb of fire
 78012 | Zot:5    | Noticed an ancient lich
 78016 | Zot:5    | Killed an ancient lich
 78210 | Zot:5    | Noticed an ancient lich
 78213 | Zot:5    | Killed an ancient lich
 78213 | Zot:5    | Noticed an ancient lich
 78365 | Zot:5    | Killed an ancient lich
 78366 | Zot:5    | Gained mutation: Your demonic aura causes all spilled blood
                  | to erupt in flames. [demonic ancestry]
 78366 | Zot:5    | Reached XP level 27. HP: 207/207 MP: 45/46
 78371 | Zot:5    | Noticed an orb of fire
 78374 | Zot:5    | Killed an orb of fire
 78603 | Zot:5    | Noticed an ancient lich
 78605 | Zot:5    | Killed an ancient lich
 79005 | Zot:5    | Noticed an orb of fire
 79158 | Zot:5    | Killed an orb of fire
 79279 | Zot:5    | Noticed an ancient lich
 79282 | Zot:5    | Killed an ancient lich
 79409 | Zot:5    | Noticed a dread lich
 79518 | Zot:5    | Killed a dread lich
 79519 | Zot:5    | Noticed an ancient lich
 79521 | Zot:5    | Killed an ancient lich
 79532 | Zot:5    | Noticed a dread lich
 79534 | Zot:5    | Killed a dread lich
 79700 | Zot:5    | Noticed an orb of fire
 79704 | Zot:5    | Killed an orb of fire
 79801 | Zot:5    | Noticed an orb of fire
 79806 | Zot:5    | Killed an orb of fire
 79969 | Zot:5    | Noticed an orb of fire
 79970 | Zot:5    | Gained mutation: Armour fits poorly on your strangely
                  | shaped body. [an orb of fire]
 79972 | Zot:5    | Killed an orb of fire
 80640 | Zot:5    | Noticed a dread lich
 80641 | Zot:5    | Killed a dread lich
 80838 | Zot:5    | Noticed an ancient lich
 80840 | Zot:5    | Killed an ancient lich
 80963 | Zot:5    | Noticed an orb of fire
 80966 | Zot:5    | Killed an orb of fire
 82494 | Zot:5    | Lost mutation: You occasionally lose the ability to drink
                  | potions when taking damage. [potion of mutation]
 82494 | Zot:5    | Lost mutation: Armour fits poorly on your strangely shaped
                  | body. [potion of mutation]
 82494 | Zot:5    | Lost mutation: You expend magic power (3 MP) to strengthen
                  | your wands. [potion of mutation]
 82494 | Zot:5    | Gained mutation: Armour fits poorly on your strangely
                  | shaped body. [potion of mutation]
 82494 | Zot:5    | Gained mutation: You have hidden genetic potential. [potion
                  | of mutation]
 82494 | Zot:5    | Gained mutation: Your movements are slightly less
                  | encumbered by armour. (ER -2) [potion of mutation]
 82502 | Zot:5    | Got the Orb of Zot
 82638 | Depths:2 | Noticed Rolouth the pandemonium lord
 82642 | Depths:2 | Killed Rolouth the pandemonium lord
 82924 | D:1      | Noticed Kumoanach the pandemonium lord
 82930 | D:$      | Escaped with the Orb!

Illustrated notes

Levels and vault maps discovered:
D:1:      giann_forest_graveyard, layout_basic
D:2:      layout_basic, basic_altar
D:3:      layout_loops_corners, nicolae_kikubaaqudgha_miasma_corner, zin_purify,
          minmay_misc_feat_doors, uniq_terence
D:4:      layout_basic, nicolae_tso_carved_into_rock, minmay_temple_entry_fiery,
          serial_bayou, serial_bayou_pond_b, serial_bayou_crossing,
          serial_bayou_shore_b, serial_bayou_shore_a
D:5:      layout_cave_pods, general_overflow_altar, serial_rivers,
          chequers_serial_rivers_room_b, chequers_serial_rivers_micro_c,
          chequers_serial_rivers_micro_e, chequers_serial_rivers_micro_e,
          chequers_serial_rivers_small_b, grunt_decor_junction, uniq_sigmund
D:6:      layout_rooms, vehumet_crystals, kennysheep_mini,
          minmay_chambers_of_fives, uniq_pikel
D:7:      layout_rooms, eat_drink_and_be_merry_uskayaw, lemuel_doored_altar,
          fedhas_altar_3, uniq_duvessa
D:8:      layout_rooms, nicolae_qazlal_beasts_of_the_sky,
          nicolae_wu_jian_wuxing_cycle, minmay_crystal_water, uniq_psyche
D:9:      kennysheep_six_static_rooms, layout_long_grid,
          mainiacjoe_overflow_surrounded_room, orc_david_3,
          chequers_serial_rivers_small_b
D:10:     layout_basic, trog_butcher_becter, grunt_lair_entry_orc_guard_hut,
          minmay_statue_crystal_thing
D:11:     layout_long_grid, gammafunk_ghost_ooze, serial_shops, shop
D:12:     layout_irregular_city, serial_shops, nicolae_shop_tiny_glass,
          nrook_pool_corridor
D:13:     layout_cave_pools, grunt_vaults_entry_fortified, serial_shops,
          nicolae_shop_behind_doors, columned_hall_lemuel, serial_bayou_pond_e
D:14:     layout_irregular_city, hex_tiny, uniq_roxanne
D:15:     grunt_enter_depths_snipers, layout_long_grid, minmay_misc_feat_roman,
          minmay_quadrilaterals
Temple:   corrupted_temple
Lair:1:   layout_regular_city, serial_bayou_pond_c, lemuel_fruit_tree
Lair:2:   layout_roguey, elwin_shoals_entry_rocks,
          minmay_snake_entry_six_corridors, lemuel_fruit_fields
Lair:3:   layout_loops_ring, infiniplex_staircase_pool
Lair:4:   layout_cave_pods, dpeg_slime_entry_enclosed
Lair:5:   minmay_lair_end_enchanted_forest, layout_gridlike, basic_altar,
          small_statue_intersection, mumra_transporter_accident, st_stairs_5,
          infiniplex_staircase_pool_2, uniq_kirke
Shoals:1: layout_shoals, regret_index_shoals_crete
Shoals:2: layout_shoals, uniq_nikola
Shoals:3: layout_shoals, nicolae_splish_splash, uniq_bai_suzhen
Shoals:4: shoals_end_hellmonk_storm_palace [storm_palace_center_square,
          storm_palace_corner_altar, storm_palace_corner_reverse_hut,
          storm_palace_corner_narrow, storm_palace_corner_pillars]
Snake:1:  layout_rooms, basic_altar
Snake:2:  layout_gridlike
Snake:3:  layout_misc_corridors, uniq_vashnia
Snake:4:  johnstein_snake_rune_scales, layout_chambers, serial_shops, shop,
          basic_altar, uniq_aizul
Orc:1:    layout_diamond_mine, portal_ice_cave_rime, serial_shops,
          nicolae_book_shop_shelving, nicolae_shop_just_a_little_nook,
          nicolae_shop_vocational
Orc:2:    st_orc_open, layout_diamond_mine, serial_shops, shop
Elf:1:    nicolae_elf_arrival_no_cutting_in_line, layout_onion_city,
          serial_shops, shop, kennysheep_underground_church
Elf:2:    nicolae_elf_blades_splatter_lattice
          [nicolae_blade_entry_floor_patterns], layout_geoelf_grid,
          einodemon_barbed_minivault, minmay_shop_grove
Elf:3:    elf_hall_gauntlet_narrow, layout_geoelf_castle, grunt_ministairs_1
Vaults:1: v_alt_pattern_5, v_alt_pattern_3, v_misc_22, vaults_mumra_hex,
          ontoclasm_vaults_chip, nicolae_vaults_rhombus_7,
          nicolae_vaults_security_offices_1, ontoclasm_vaults_chip,
          layout_vaults_omnigrid
Vaults:2: nicolae_vaults_trapezoid_lopsided_1, vaults_dpeg_emergency_exit,
          minmay_crypt_entry_skeletal_spiral, vaults_room_pools,
          nicolae_vaults_heart-shaped_vault, v_pattern_3,
          nicolae_vaults_offset_grid_hallway_1,
          nicolae_vaults_offset_grid_hallway_2, nicolae_vaults_little_squares_5,
          vaults_room_semicircle, nicolae_vaults_diamond_2, v_misc_17,
          nicolae_vaults_storing_the_good_stuff, nicolae_vaults_trapezoid_4,
          v_rooms_3, layout_vaults_ring, uniq_margery
Vaults:3: nicolae_vaults_wrenched, nicolae_vaults_more_shelving_2,
          nicolae_vaults_diamond_2, nicolae_vaults_surprise_closet,
          v_alt_pattern_2, nicolae_vaults_little_squares_6,
          vaults_room_door_ring, vaults_mumra_lcd, hangedman_vaults_cutoff,
          layout_vaults_chaotic_city, serial_shops, shop
Vaults:4: nicolae_vaults_trapezoid_lopsided_1, st_greater_box_1, v_rooms_5,
          vaults_dpeg_diagonal, hangedman_vaults_stagger,
          nicolae_vaults_tetromino_L_1, ontoclasm_vaults_chip,
          nicolae_vaults_spaceships, vaults_room_door_hall, vaults_dpeg_ring,
          vaults_room_fours, nicolae_vaults_little_squares_1,
          layout_vaults_omnicross, serial_shops, shop
Vaults:5
Crypt:1:  layout_misc_corridors, nicolae_crypt_soggy_tomb, lemuel_statue_altar,
          nrook_guardian_serpent_ordinary, grunt_crypt_arrival_guarded_gate,
          grunt_megastairs_5
Crypt:2:  layout_basic, grunt_ministairs_2
Crypt:3:  church_of_pain_bobbens, layout_chaotic_city,
          nicolae_tomb_entry_rubble_hallway
Depths:1: layout_gridlike, serial_shops, nicolae_lakefront_shop,
          chequers_serial_rivers_marsh, grunt_pan_entry_zigzag, hell_entry,
          hangedman_feature_mirror, lemuel_nasty_fountain
Depths:2: gammafunk_the_bubble [the_bubble_gammafunk_plus_minus], layout_basic,
          grunt_pan_entry_in_and_out, hell_entry,
          infiniplex_staircase_split_hallway, uniq_grunn
Depths:3: hangedman_cross_veins, layout_cross, nicolae_eternal_life,
          grunt_mini_vestibule, serial_column_ruins,
          column_ruins_portal_squares, column_ruins_open_tiny,
          column_ruins_open_small, column_ruins_open_large,
          column_ruins_open_large, column_ruins_grid_1,
          hangedman_abyss_entry_splay
Depths:4: grunt_zot_entry_alcove, layout_gridlike, enter_ziggurat_d,
          pf_hell_entry_great_geh, minmay_misc_feat_four_crosses,
          hellmonk_bongcloud_opening, nicolae_ru_path_of_blood, uniq_saint_roka
Zot:1:    kennysheep_room_grid, layout_gridlike, hangedman_elemental_grid_stream
Zot:2:    layout_onion_interference, gammafunk_ghost_tricky_traps,
          grunt_ministairs_15
Zot:3:    layout_onion, nicolae_zot_crop_circle, grunt_megastairs_4,
          uniq_josephina
Zot:4:    kennysheep_oblong_rooms, layout_gridlike
Zot:5:    layout_gridlike

Skill      XL: |  1  2  3  4  5  6  7  8  9 10 11 12 13 14 15 16 17 18 19 20 21 22 23 24 25 26 27 |
---------------+----------------------------------------------------------------------------------+-----
Long Blades    | 3 4 |  4.1
Dodging        | 3 5 10 11 15 | 15.0
Spellcasting   | 1 2 4 5 6 10 12 13 15 19 20 | 20.0
Air Magic      | 1 5 7 |  7.0
Short Blades   | 2 4 5 |  5.2
Hexes          | 1 |  1.0
Ice Magic      | 1 |  1.0
Fighting       | 5 10 14 15 19 | 19.2
Conjurations   | 5 8 9 10 11 14 15 | 15.0
Earth Magic    | 5 8 10 14 18 21 23 26 27 | 27.0
Armour         | 5 7 10 13 15 | 15.0
Staves         | 6 |  6.0
Shields        | 7 10 15 | 15.0

Action                     |  1- 3 |  4- 6 |  7- 9 | 10-12 | 13-15 | 16-18 | 19-21 | 22-24 | 25-27 || total
---------------------------+-------+-------+-------+-------+-------+-------+-------+-------+-------++-------
  Melee: Falchion          |    67 |       |       |       |       |       |       |       |       ||    67
         Kick              |    14 |    42 |   108 |    84 |   122 |    30 |    93 |    60 |    15 ||   568
         Dagger            |    10 |   107 |   273 |   239 |   169 |     6 |       |       |       ||   804
         Punch             |       |       |     2 |       |       |       |       |       |       ||     2
         Staff             |       |       |       |       |    87 |    50 |   183 |   119 |    31 ||   470
  Throw: Dart              |    12 |     4 |    11 |     2 |     6 |       |       |       |       ||    35
   Cast: Stone Arrow       |       |       |       |   125 |   517 |   198 |     1 |       |       ||   841
         Arcjolt           |       |       |       |    23 |    46 |     8 |     2 |       |       ||    79
         Shock             |       |       |       |    20 |     5 |       |       |       |       ||    25
         Iskenderun's Batt |       |       |       |    12 |    45 |       |       |       |       ||    57
         Vhi's Electric Ch |       |       |       |     1 |       |       |       |       |       ||     1
         Conjure Ball Ligh |       |       |       |     4 |     7 |       |       |       |       ||    11
         Iron Shot         |       |       |       |       |    14 |   287 |   154 |    79 |    70 ||   604
         Lee's Rapid Decon |       |       |       |       |    10 |    23 |   136 |    28 |     6 ||   203
         Orb of Destructio |       |       |       |       |     5 |   265 |   112 |    26 |    91 ||   499
         Lehudib's Crystal |       |       |       |       |       |       |    38 |    50 |    80 ||   168
         Shatter           |       |       |       |       |       |       |    64 |   273 |   335 ||   672
Ability: Hurl Damnation    |       |       |       |       |       |       |       |     3 |       ||     3
  Evoke: Wand              |       |     7 |     1 |       |       |     1 |       |     2 |     2 ||    13
         Phial of floods   |       |       |       |       |       |       |       |       |     1 ||     1
    Use: Potion            |     1 |       |     4 |     2 |     1 |     1 |     3 |       |     8 ||    20
         Scroll            |     1 |     3 |     9 |    13 |    19 |     7 |     7 |     4 |     7 ||    70
   Stab: Paralysed         |       |     1 |       |       |       |       |       |       |       ||     1
         Distracted        |       |       |       |     1 |       |       |       |       |       ||     1
 Armour: Robe              |    13 |       |       |       |       |       |       |       |       ||    13
         Ring mail         |     9 |    14 |    31 |       |       |       |       |       |       ||    54
         Leather armour    |       |       |    11 |    29 |    71 |    54 |    40 |    21 |    18 ||   244
         Skin              |       |       |     9 |    13 |       |       |       |       |       ||    22
         Quicksilver drago |       |       |       |       |       |       |       |       |    10 ||    10
  Dodge: Dodged            |    41 |    48 |   144 |   183 |   312 |   254 |   120 |   101 |    96 ||  1299
  Block: Buckler           |       |       |       |       |       |    17 |       |       |       ||    17
         Kite shield       |       |       |       |       |       |    50 |   169 |   157 |   102 ||   478
         Reflection        |       |       |       |       |       |       |    22 |    11 |     7 ||    40
